 Dungeon Crawl Stone Soup version 0.21.1-1-g345015f (webtiles) character file.

34 Jawreze the Ogre Mage (level 3, -1/33 HPs)
             Began as an Ogre Wizard on May 30, 2018.
             Slain by a worm (7 damage)
             ... on level 1 of the Dungeon.
             The game lasted 00:03:24 (1366 turns).

Jawreze the Ogre Mage (Ogre Wizard)                 Turns: 1366, Time: 00:03:24

Health: -1/33      AC:  3    Str: 11    XL:     3   Next: 31%
Magic:  0/8        EV: 10    Int: 20    God:
Gold:   58         SH:  0    Dex:  7    Spells: 9/10 levels left

rFire    . . .     SeeInvis .   h - +0 club
rCold    . . .     Gourm    .   (no shield)
rNeg     . . .     Faith    .   a - +0 robe
rPois    .         Spirit   .   b - +0 hat
rElec    .         Reflect  .   (no cloak)
rCorr    .         Harm     .   (gloves unavailable)
MR       .....                  (boots unavailable)
Stlth    +.........             (no amulet)
HPRegen  0.11/turn              (no ring)
MPRegen  0.11/turn              (no ring)

@: very slightly contaminated
A: large, unfitting armour, tough skin 1
a: no special abilities


You were on level 1 of the Dungeon.
You were not hungry.

You visited 1 branch of the dungeon, and saw 2 of its levels.

You collected 58 gold pieces.

Inventory:

Hand Weapons
 h - a +0 club (weapon)
Armour
 a - a +0 robe (worn)
 b - a +0 hat (worn)
Jewellery
 j - an uncursed ring of ice {unknown}
Scrolls
 f - a scroll of enchant weapon {unknown}
 g - a scroll of magic mapping {unknown}
 i - 3 scrolls of identify {unknown}
 n - a scroll of enchant armour {unknown}
Potions
 k - a potion of mutation {unknown}
 l - a potion of agility {unknown}
 m - a potion of curing {unknown}
Books
 c - a book of Minor Magic

   Spells                             Type                      Level
   a - Magic Dart                     Conjuration                  1
   b - Blink                          Translocation                2
   c - Call Imp                       Summoning                    2
   d - Slow                           Hexes                        2
   e - Conjure Flame                  Conjuration/Fire             3
   f - Mephitic Cloud                 Conjuration/Poison/Air       3
Comestibles
 d - 4 rations


   Skills:
 + Level 1.6 Fighting
 + Level 0.0 Maces & Flails
 - Level 1.7 Dodging
 - Level 1.4 Stealth
 + Level 4.0 Spellcasting
 * Level 2.0 Conjurations
   Level 0.8 Summonings
   Level 0.8 Translocations


You had 9 spell levels left.
You knew the following spells:

 Your Spells              Type           Power        Failure   Level  Hunger
a - Magic Dart            Conj           ##..         5%          1    None


Dungeon Overview and Level Annotations

Branches:
Dungeon (2/15)

Altars:


Innate Abilities, Weirdness & Mutations

You are too large for most types of armour.
You have tough skin. (AC +1)


Message History

Confirm with . or Enter, or press ? or * to list all spells.
Aiming: Magic Dart
Press: ? - help, Shift-Dir - straight line, f/p - worm
Aim: a worm (severely wounded)
The magic dart hits the worm.
The worm is almost dead.
The worm bites you!
You hit the worm.
The worm is almost dead.
You hit the worm.
The worm is almost dead.
The worm bites you!
You barely miss the worm.
The worm is almost dead.
The worm bites you!
* * * LOW HITPOINT WARNING * * *
You hit the worm but do no damage.
The worm is almost dead.
The worm bites you!
You die...

# ##.######......#
# #..##....(.##.# #
####.##..##..##.#
###[.(.........##.#
##...#[#######.##.#
##...#.>w.w.#..##.#
##...######.#..##.#
##...# #.#####.#
##...# #....w@.#
.)...# #########
##...# #...# #...#
#...# #...# #####


You could see a worm.

Vanquished Creatures
  2 dart slugs (D:1)
  A leopard gecko (D:1)
  2 giant cockroaches (D:1)
  A goblin (D:1)
  5 hobgoblins (D:1)
  A ball python (D:1)
  2 bats (D:1)
  4 frilled lizards (D:1)
  6 kobolds (D:1)
  3 rats (D:1)
27 creatures vanquished.

Notes
Turn   | Place    | Note
-------+----------+-------------------------------------------
     0 | D:1      | Jawreze the Ogre Wizard began the quest for the Orb.
     0 | D:1      | Reached XP level 1. HP: 16/16 MP: 5/5
    58 | D:1      | Reached skill level 1 in Conjurations
   303 | D:1      | Reached XP level 2. HP: 26/26 MP: 6/6
   304 | D:1      | Reached skill level 1 in Fighting
   717 | D:1      | Reached XP level 3. HP: 29/33 MP: 1/8
  1019 | D:1      | Reached skill level 4 in Spellcasting
  1366 | D:1      | Slain by a worm

Skill      XL: |  1  2  3 |
---------------+----------+-----
Conjurations   | 1 2 |  2.0
Fighting       | 1 |  1.6
Spellcasting   | 4 |  4.0
Dodging        | |  1.7
Stealth        | |  1.4
Summonings     | |  0.8
Translocations | |  0.8

Action                   || total
-------------------------++-------
Melee: Hand axe          ||    23
       Club              ||    21
 Cast: Magic Dart        ||    55
 Stab: Sleeping          ||     1
  Eat: Chunk             ||     1
Armor: Robe              ||    12
Dodge: Dodged            ||    23
